TOP OF THE 1ST |
Milwaukee Brewers batting - Pitching for Texas Rangers : RHP Jeff Byrd
|
Pitching: RHP Jeff Byrd
|
|
Batting: RHB Steve Sax
|
0-0: Ball 1-0: Bunted foul 1-1: Called Strike 1-2: Ball 2-2: Foul Ball, location: 2F 2-2: Foul Ball, location: 2F 2-2: Foul Ball, location: 2F 2-2: Ground out 6-3 (Groundball, 6, EV 105.6 MPH)
|
Batting: LHB Von Hayes
|
0-0: Ball 1-0: Ball 2-0: Ball 3-0: Called Strike 3-1: Base on Balls
|
Batting: SHB Eddie Murray
|
0-0: Ball 1-0: Swinging Strike 1-1: SINGLE (Line Drive, 56D, EV 101.3 MPH) Von Hayes to second Von Hayes to third
|
Batting: RHB Mike Schmidt
|
0-0: Called Strike 0-1: Ball 1-1: Called Strike 1-2: SINGLE (Line Drive, 6D, EV 99.4 MPH) Von Hayes scores Eddie Murray to second
|
Batting: LHB Denny Walling
|
0-0: Ball 1-0: Ball 2-0: Ball 3-0: Base on Balls Eddie Murray to third Mike Schmidt to second
|
Batting: RHB Thurman Munson
|
0-0: Foul Ball, location: 2F 0-1: Called Strike 0-2: Ball 1-2: Strikes out looking
|
Batting: LHB Al Oliver
|
0-0: SINGLE (Flyball, 56D, EV 81.3 MPH) Eddie Murray scores Mike Schmidt to third Denny Walling to second Runner from 3rd tries for Home, SAFE, throw by LF to home Denny Walling to third Al Oliver to second
|
Batting: RHB Ken Landreaux
|
0-0: Ball 1-0: Swinging Strike 1-1: Ball 2-1: Foul Ball, location: 2F 2-2: Ball 3-2: Strikes out swinging
|
Top of the 1st over - 3 runs, 3 hits, 0 errors, 2 left on base; Milwaukee 3 - Texas 0 |
BOTTOM OF THE 1ST |
Texas Rangers batting - Pitching for Milwaukee Brewers : LHP Gary Lucas
|
Pitching: LHP Gary Lucas
|
|
Batting: LHB Lenny Dykstra
|
0-0: Foul Ball, location: 2F 0-1: Ball 1-1: Foul Ball, location: 2F 1-2: Foul Ball, location: 2F 1-2: Ball 2-2: Fly out, F4 (Popup, 34S, EV 81.9 MPH)
|
Batting: RHB Kirby Puckett
|
0-0: Ball 1-0: Swinging Strike 1-1: Called Strike 1-2: Foul Ball, location: 2F 1-2: SINGLE (Line Drive, 89M, EV 95.6 MPH)
|
Batting: RHB Steve Garvey
|
0-0: Called Strike Kirby Puckett is caught stealing 2nd base 2-4 0-1: Foul Ball, location: 2F 0-2: Ball 1-2: SOLO HOME RUN (Flyball, 78XD, EV 106.9 MPH), Distance : 403 ft
|
Batting: RHB Steve Balboni
|
0-0: Swinging Strike 0-1: Swinging Strike 0-2: Ball 1-2: Strikes out looking
|
Bottom of the 1st over - 1 run, 2 hits, 0 errors, 0 left on base; Milwaukee 3 - Texas 1 |
TOP OF THE 2ND |
Milwaukee Brewers batting - Pitching for Texas Rangers : RHP Jeff Byrd
|
Batting: SHB Alfredo Griffin
|
0-0: Foul Ball, location: 2F 0-1: Foul Ball, location: 2F 0-2: Ball 1-2: Ball 2-2: Foul Ball, location: 2F 2-2: Strikes out swinging
|
Batting: RHB Steve Sax
|
0-0: Ground out 6-3 (Groundball, 6, EV 79.4 MPH)
|
Batting: LHB Von Hayes
|
0-0: Called Strike 0-1: Ball 1-1: Foul Ball, location: 2F 1-2: Ball 2-2: Foul Ball, location: 2F 2-2: DOUBLE (Line Drive, 5D, EV 96.9 MPH)
|
Batting: SHB Eddie Murray
|
0-0: Ball 1-0: Called Strike 1-1: Foul Ball, location: 2F 1-2: Foul Ball, location: 2F 1-2: Ball 2-2: Ball 3-2: Foul Ball, location: 2F 3-2: Foul Ball, location: 2F 3-2: Base on Balls
|
Batting: RHB Mike Schmidt
|
0-0: 3-RUN HOME RUN (Flyball, 89XD, EV 103.1 MPH), Distance : 432 ft
|
Pitching: RHP Ed Lynch
|
|
Batting: LHB Denny Walling
|
0-0: SINGLE (Groundball, 56D, EV 96.3 MPH)
|
Batting: RHB Thurman Munson
|
0-0: Called Strike 0-1: Ball 1-1: Ball 2-1: SINGLE (Line Drive, 78S, EV 105.6 MPH) Denny Walling to second
|
Batting: LHB Al Oliver
|
0-0: SINGLE (Groundball, 4MD, EV 104.4 MPH) Denny Walling to third Thurman Munson to second Runner from 3rd tries for Home, SAFE, throw by CF to home
|
Batting: RHB Ken Landreaux
|
0-0: SINGLE (Groundball, 6D, EV 98.8 MPH) Thurman Munson to third Al Oliver to second Runner from 3rd tries for Home, SAFE, throw by CF to home
|
Batting: SHB Alfredo Griffin
|
0-0: Ground out 4-3 (Groundball, 4, EV 87.5 MPH)
|
Top of the 2nd over - 5 runs, 6 hits, 0 errors, 2 left on base; Milwaukee 8 - Texas 1 |
BOTTOM OF THE 2ND |
Texas Rangers batting - Pitching for Milwaukee Brewers : LHP Gary Lucas
|
Batting: LHB Jody Helser
|
0-0: Foul Ball, location: 2F 0-1: Swinging Strike 0-2: Ball 1-2: Fly out, F5 (Popup, 56, EV 63.8 MPH)
|
Batting: LHB Richie Hebner
|
0-0: SINGLE (Line Drive, 4D, EV 105.0 MPH)
|
Batting: LHB Ernie Whitt
|
0-0: Fly out, F7 (Flyball, 78S, EV 80.0 MPH)
|
Batting: RHB Juan Rodriguez
|
0-0: Ball 1-0: Swinging Strike 1-1: Foul Ball, location: 2F 1-2: Strikes out swinging
|
Bottom of the 2nd over - 0 runs, 1 hit, 0 errors, 1 left on base; Milwaukee 8 - Texas 1 |
TOP OF THE 3RD |
Milwaukee Brewers batting - Pitching for Texas Rangers : RHP Ed Lynch
|
Batting: RHB Steve Sax
|
0-0: Ball 1-0: Ball 2-0: Called Strike 2-1: Foul Ball, location: 2F 2-2: Foul Ball, location: 2F 2-2: DOUBLE (Line Drive, 7LS, EV 105.0 MPH)
|
Batting: LHB Von Hayes
|
0-0: Called Strike 0-1: Reached on error, E5 (Groundball, 56, EV 102.5 MPH) Steve Sax to third
|
Batting: SHB Eddie Murray
|
0-0: Swinging Strike 0-1: Foul Ball, location: 2F 0-2: Ball 1-2: Foul Ball, location: 2F 1-2: Ball 2-2: Ball 3-2: Strikes out swinging
|
Batting: RHB Mike Schmidt
|
0-0: Swinging Strike 0-1: Ball 1-1: Ball 2-1: Foul Ball, location: 2F 2-2: Grounds into double play, 5-4-3 (Groundball, 5, EV 79.4 MPH)
|
Top of the 3rd over - 0 runs, 1 hit, 1 error, 1 left on base; Milwaukee 8 - Texas 1 |
BOTTOM OF THE 3RD |
Texas Rangers batting - Pitching for Milwaukee Brewers : LHP Gary Lucas
|
Batting: RHB Juan Samuel
|
0-0: Ball 1-0: Fly out, F1 (Popup, 13, EV 73.1 MPH)
|
Batting: LHB Lenny Dykstra
|
0-0: Ball 1-0: Foul Ball, location: 2F 1-1: Called Strike 1-2: Ball 2-2: Strikes out looking
|
Batting: RHB Kirby Puckett
|
0-0: Called Strike 0-1: Ball 1-1: Foul Ball, location: 2F 1-2: Ground out 4-3 (Groundball, 34, EV 100.6 MPH)
|
Bottom of the 3rd over - 0 runs, 0 hits, 0 errors, 0 left on base; Milwaukee 8 - Texas 1 |
TOP OF THE 4TH |
Milwaukee Brewers batting - Pitching for Texas Rangers : RHP Ed Lynch
|
Batting: LHB Denny Walling
|
0-0: Called Strike 0-1: Foul Ball, location: 2F 0-2: SINGLE (Line Drive, 89M, EV 92.5 MPH)
|
Batting: RHB Thurman Munson
|
0-0: Reached on error, E1 (Groundball, 15S, EV 68.1 MPH) Denny Walling to second
|
Batting: LHB Al Oliver
|
0-0: Ball 1-0: Ball 2-0: Ball 3-0: Called Strike 3-1: Foul Ball, location: 2F 3-2: Base on Balls Denny Walling to third Thurman Munson to second
|
Batting: RHB Ken Landreaux
|
0-0: Ball 1-0: Ball 2-0: Ball 3-0: Called Strike 3-1: DOUBLE (Flyball, 8LXD, EV 103.8 MPH) Denny Walling scores Thurman Munson scores Al Oliver to third Runner from 3rd tries for Home, SAFE, throw by CF to home
|
Pitching: RHP Williard Kinard
|
|
Batting: SHB Alfredo Griffin
|
0-0: Ball 1-0: Foul Ball, location: 2F 1-1: Swinging Strike 1-2: Foul Ball, location: 2F 1-2: Ball 2-2: Strikes out looking
|
Batting: RHB Steve Sax
|
0-0: Called Strike 0-1: Ball 1-1: Ground out 4-3 (Groundball, 4, EV 90.6 MPH) Ken Landreaux to third
|
Batting: LHB Von Hayes
|
0-0: Ball 1-0: Ball 2-0: Called Strike 2-1: Ball 3-1: SINGLE (Line Drive, 89S, EV 110.6 MPH) Ken Landreaux scores
|
Batting: SHB Eddie Murray
|
0-0: Ball 1-0: Ball 2-0: Called Strike 2-1: Reached on error, E4 (Groundball, 4, EV 81.9 MPH) Von Hayes to second
|
Batting: RHB Mike Schmidt
|
0-0: Called Strike 0-1: Swinging Strike 0-2: Strikes out swinging
|
Top of the 4th over - 4 runs, 3 hits, 2 errors, 2 left on base; Milwaukee 12 - Texas 1 |
BOTTOM OF THE 4TH |
Texas Rangers batting - Pitching for Milwaukee Brewers : LHP Gary Lucas
|
Batting: RHB Steve Garvey
|
0-0: Ball 1-0: Ball 2-0: Foul Ball, location: 2F 2-1: Ground out 4-3 (Groundball, 4, EV 83.8 MPH)
|
Batting: RHB Steve Balboni
|
0-0: Called Strike 0-1: Fly out, F9 (Flyball, 9S, EV 90.6 MPH)
|
Batting: LHB Jody Helser
|
0-0: Called Strike 0-1: SINGLE (Line Drive, 9S, EV 104.4 MPH)
|
Batting: LHB Richie Hebner
|
0-0: Ground out 4-3 (Groundball, 4, EV 86.3 MPH)
|
Bottom of the 4th over - 0 runs, 1 hit, 0 errors, 1 left on base; Milwaukee 12 - Texas 1 |
TOP OF THE 5TH |
Milwaukee Brewers batting - Pitching for Texas Rangers : RHP Williard Kinard
|
Batting: LHB Denny Walling
|
0-0: Called Strike 0-1: Foul Ball, location: 2F 0-2: Ball 1-2: DOUBLE (Line Drive, 89XD, EV 106.3 MPH)
|
Batting: RHB Thurman Munson
|
0-0: Called Strike 0-1: Fly out, F7 (Line Drive, 7D, EV 99.4 MPH) Runner from 2nd tags up, SAFE at 3rd, no throw by LF
|
Batting: LHB Al Oliver
|
0-0: Ball 1-0: Ground out 4-3 (Groundball, 4, EV 79.4 MPH) Denny Walling scores
|
Batting: RHB Ken Landreaux
|
0-0: Ball 1-0: Ball 2-0: Ground out 5-3 (Groundball, 5L, EV 85.0 MPH)
|
Top of the 5th over - 1 run, 1 hit, 0 errors, 0 left on base; Milwaukee 13 - Texas 1 |
BOTTOM OF THE 5TH |
Texas Rangers batting - Pitching for Milwaukee Brewers : LHP Gary Lucas
|
Batting: LHB Ernie Whitt
|
0-0: Ball 1-0: Foul Ball, location: 2F 1-1: Ball 2-1: Ball 3-1: Called Strike 3-2: Foul Ball, location: 2F 3-2: Foul Ball, location: 2F 3-2: Foul Ball, location: 2F 3-2: DOUBLE (Flyball, 78D, EV 105.6 MPH)
|
Batting: RHB Juan Rodriguez
|
0-0: Fly out, F5 (Line Drive, 6, EV 70.0 MPH)
|
Batting: RHB Juan Samuel
|
0-0: Called Strike 0-1: Foul Ball, location: 2F 0-2: Foul Ball, location: 2F 0-2: Strikes out swinging
|
Batting: LHB Lenny Dykstra
|
0-0: Ball 1-0: Foul Ball, location: 2F 1-1: Swinging Strike 1-2: Ball 2-2: Fly out, F8 (Flyball, 8LS, EV 71.9 MPH)
|
Bottom of the 5th over - 0 runs, 1 hit, 0 errors, 1 left on base; Milwaukee 13 - Texas 1 |
TOP OF THE 6TH |
Milwaukee Brewers batting - Pitching for Texas Rangers : RHP Williard Kinard
|
Batting: SHB Alfredo Griffin
|
0-0: Swinging Strike 0-1: Fly out, F8 (Flyball, 8RM, EV 95.0 MPH)
|
Batting: RHB Steve Sax
|
0-0: Ball 1-0: SINGLE (Groundball, 56D, EV 96.9 MPH)
|
Batting: LHB Von Hayes
|
0-0: Ball 1-0: Fielders Choice at 2nd, 4-6 (Groundball, 4, EV 97.5 MPH)
|
Batting: SHB Eddie Murray
|
0-0: Ball 1-0: Foul Ball, location: 2F 1-1: Ball 2-1: Foul Ball, location: 2F 2-2: Strikes out swinging
|
Top of the 6th over - 0 runs, 1 hit, 0 errors, 1 left on base; Milwaukee 13 - Texas 1 |
BOTTOM OF THE 6TH |
Texas Rangers batting - Pitching for Milwaukee Brewers : LHP Gary Lucas
|
Batting: RHB Kirby Puckett
|
0-0: Ball 1-0: SINGLE (Groundball, 4D, EV 103.8 MPH)
|
Batting: RHB Steve Garvey
|
0-0: Ball 1-0: Swinging Strike 1-1: SINGLE (Line Drive, 8RS, EV 85.6 MPH) Kirby Puckett to second
|
Batting: RHB Steve Balboni
|
0-0: Fielders Choice at 2nd, 5-4 (Groundball, 56, EV 81.9 MPH) Kirby Puckett to third
|
Batting: LHB Jody Helser
|
0-0: Ball 1-0: DOUBLE (Line Drive, 5D, EV 99.4 MPH) Kirby Puckett scores Steve Balboni to third Runner from 3rd tries for Home, SAFE, no throw by LF
|
Batting: LHB Richie Hebner
|
0-0: Ball 1-0: Foul Ball, location: 2F 1-1: Ball 2-1: Foul Ball, location: 2F 2-2: Ground out 6-3 (Groundball, 6, EV 96.9 MPH)
|
Batting: LHB Ernie Whitt
|
0-0: Fly out, F7 (Flyball, 7S, EV 90.0 MPH)
|
Bottom of the 6th over - 2 runs, 3 hits, 0 errors, 1 left on base; Milwaukee 13 - Texas 3 |
TOP OF THE 7TH |
Milwaukee Brewers batting - Pitching for Texas Rangers : RHP Williard Kinard
|
Pinch Hitting: RHB Pat Tabler
|
0-0: Ground out 1-3 (Groundball, 13, EV 73.1 MPH)
|
Batting: LHB Denny Walling
|
0-0: Ball 1-0: Foul Ball, location: 2F 1-1: Ball 2-1: SINGLE (Groundball, 6MD, EV 103.1 MPH)
|
Batting: RHB Thurman Munson
|
0-0: Ball 1-0: Ball 2-0: Foul Ball, location: 2F 2-1: Fly out, F9 (Flyball, 9, EV 98.8 MPH)
|
Batting: LHB Al Oliver
|
0-0: Foul Ball, location: 2F 0-1: Ball 1-1: Fly out, F6 (Flyball, 56D, EV 81.3 MPH)
|
Top of the 7th over - 0 runs, 1 hit, 0 errors, 1 left on base; Milwaukee 13 - Texas 3 |
BOTTOM OF THE 7TH |
Texas Rangers batting - Pitching for Milwaukee Brewers : LHP Gary Lucas
|
Now at 3B: Pat Tabler
|
|
Batting: RHB Juan Rodriguez
|
0-0: Ball 1-0: DOUBLE (Line Drive, 89D, EV 114.4 MPH) - OUT at third base trying to stretch hit.
|
Batting: RHB Juan Samuel
|
0-0: Swinging Strike 0-1: Ball 1-1: Ball 2-1: Foul Ball, location: 2F 2-2: SINGLE (Line Drive, 78S, EV 86.3 MPH)
|
Batting: LHB Lenny Dykstra
|
0-0: Called Strike 0-1: Ball 1-1: Called Strike 1-2: Strikes out swinging
|
Batting: RHB Kirby Puckett
|
0-0: Called Strike 0-1: Ball 1-1: Foul Ball, location: 2F 1-2: SINGLE (Groundball, 6D, EV 96.3 MPH) Juan Samuel to second
|
Batting: RHB Steve Garvey
|
0-0: Ball 1-0: Ball 2-0: Foul Ball, location: 2F 2-1: Fly out, F8 (Flyball, 89M, EV 88.1 MPH)
|
Bottom of the 7th over - 0 runs, 3 hits, 0 errors, 2 left on base; Milwaukee 13 - Texas 3 |
TOP OF THE 8TH |
Milwaukee Brewers batting - Pitching for Texas Rangers : RHP Williard Kinard
|
Batting: RHB Ken Landreaux
|
0-0: Fly out, F7 (Flyball, 7, EV 84.4 MPH)
|
Batting: SHB Alfredo Griffin
|
0-0: Foul Ball, location: 2F 0-1: Ball 1-1: Ground out 6-3 (Groundball, 6S, EV 70.6 MPH)
|
Batting: RHB Steve Sax
|
0-0: Ball 1-0: Ball 2-0: Called Strike 2-1: Ball 3-1: Swinging Strike 3-2: Base on Balls
|
Batting: LHB Von Hayes
|
0-0: Ball 1-0: Ball 2-0: Ball 3-0: Base on Balls Steve Sax to second
|
Batting: SHB Eddie Murray
|
0-0: Ball 1-0: Ball 2-0: Foul Ball, location: 2F 2-1: Called Strike 2-2: Foul Ball, location: 2F 2-2: Fly out, F7 (Flyball, 7LS, EV 93.8 MPH)
|
Top of the 8th over - 0 runs, 0 hits, 0 errors, 2 left on base; Milwaukee 13 - Texas 3 |
BOTTOM OF THE 8TH |
Texas Rangers batting - Pitching for Milwaukee Brewers : LHP Gary Lucas
|
Batting: RHB Steve Balboni
|
0-0: Ball 1-0: Called Strike 1-1: Foul Ball, location: 2F 1-2: Foul Ball, location: 2F 1-2: Ball 2-2: Ball 3-2: Ground out 6-3 (Groundball, 4M, EV 101.3 MPH)
|
Batting: LHB Jody Helser
|
0-0: Swinging Strike 0-1: Fly out, F5 (Popup, 5F, EV 69.4 MPH)
|
Batting: LHB Richie Hebner
|
0-0: Swinging Strike 0-1: Swinging Strike 0-2: Ball 1-2: Ball 2-2: SINGLE (Line Drive, 6MD, EV 106.9 MPH)
|
Batting: LHB Ernie Whitt
|
0-0: Ball 1-0: Called Strike 1-1: Ground out 5-3 (Groundball, 56S, EV 83.1 MPH)
|
Bottom of the 8th over - 0 runs, 1 hit, 0 errors, 1 left on base; Milwaukee 13 - Texas 3 |
TOP OF THE 9TH |
Milwaukee Brewers batting - Pitching for Texas Rangers : RHP Williard Kinard
|
Pitching: RHP Alberto Zamora
|
|
Batting: RHB Pat Tabler
|
0-0: TRIPLE (Line Drive, 9LD, EV 105.6 MPH)
|
Pinch Hitting: RHB Ricky Jacquez
|
0-0: Foul Ball, location: 2F 0-1: Ball 1-1: Swinging Strike 1-2: Ball 2-2: Ground out 4-3 (Groundball, 4, EV 85.6 MPH) Pat Tabler scores
|
Batting: RHB Thurman Munson
|
0-0: Foul Ball, location: 2F 0-1: Swinging Strike 0-2: Fly out, F9 (Flyball, 89D, EV 81.9 MPH)
|
Batting: LHB Al Oliver
|
0-0: Called Strike 0-1: Ball 1-1: Ball 2-1: Foul Ball, location: 2F 2-2: Ground out 4-3 (Groundball, 4, EV 106.9 MPH)
|
Top of the 9th over - 1 run, 1 hit, 0 errors, 0 left on base; Milwaukee 14 - Texas 3 |
BOTTOM OF THE 9TH |
Texas Rangers batting - Pitching for Milwaukee Brewers : LHP Gary Lucas
|
Now in CF: Ricky Jacquez
|
|
Batting: RHB Juan Rodriguez
|
0-0: Ball 1-0: Foul Ball, location: 2F 1-1: Ground out 5-3 (Groundball, 56, EV 103.1 MPH)
|
Pitching: RHP Ron Oglesby
|
|
Batting: RHB Juan Samuel
|
0-0: Fly out, F8 (Line Drive, 8RM, EV 110.6 MPH)
|
Batting: LHB Lenny Dykstra
|
0-0: Ball 1-0: Ground out 6-3 (Groundball, 56, EV 105.6 MPH)
|
Bottom of the 9th over - 0 runs, 0 hits, 0 errors, 0 left on base; Milwaukee 14 - Texas 3 |
|